Unix NetHack Version 5.0.0-0 post-release - last build May 17 2026 04:57:42 (dc50c8380fa5e20985bfe3072449f57b8d9895ef,branch:main).

Game began 2026-05-19 19:01:31, ended 2026-05-19 19:59:49.

Eymerich, chaotic male elven Priest

                                       -----
                                       |(.<|
                                       |[..|
                                       +...|
                     ------------      -.---
                   ##-....(.....|   #   #
                   # |...........#########
                   # |..........|       #
   --------        # ------------
   |......|        #
   |......|     ####
   |......|   0######
   |(.....|     #                       .
   |......|  #o##                      |.
   |.......f@o                         |.
   --------                            |.
                                       |.
                                       ---

Eymerich the Acolyte         St:16 Dx:11 Co:11 In:10 Wi:20 Ch:8  Chaotic
Dlvl:4  $:250 HP:0(28) Pw:47(47) AC:1  Xp:4 T:1873  Burdened

Latest messages:
 In what direction?
 There is a large box here.  Check it for traps? [ynq] (q)
 You find no traps on the large box.
 In what direction?
 There is a large box here.  Check it for traps? [ynq] (q)
 You find no traps on the large box.
 In what direction?
 There is a large box here.  Check it for traps? [ynq] (q)
 You find no traps on the large box.
 In what direction?
 There is a large box here.  Check it for traps? [ynq] (q)
 You find no traps on the large box.
 In what direction?
 There is a large box here.  Check it for traps? [ynq] (q)
 You find no traps on the large box.
 Hmmm, the large box turns out to be locked.
 You swap places with Puffa.
 The hill orc misses!
 You begin bashing monsters with your crossbow.
 You hit the hill orc.
 The hill orc hits!
 The hill orc wields a curved sword!
 You miss the hill orc.
 The hill orc misses!
 You hit the hill orc.
 The hill orc hits!
 The hill orc hits!
 You miss the hill orc.
 The hill orc hits!
 You miss the hill orc.
 The hill orc misses!
 You kill the hill orc!
 There is a hill orc corpse here; eat it? [ynq] (n)
 This hill orc corpse is gamey.
 You stop eating the hill orc corpse.
 The hill orc swings her curved sword.
 The hill orc hits!
 You miss the hill orc.
 The hill orc swings her curved sword.
 The hill orc misses!
 You hit the hill orc.
 The hill orc swings her curved sword.
 The hill orc hits!
 You hit the hill orc.
 The hill orc swings her curved sword.
 The hill orc hits!
 You die...
 Do you want your possessions identified? [ynq] (y)
 Do you want to see your attributes? [ynq] (y)
 Do you want an account of creatures vanquished? [ynaq] (y)

Inventory:
 Coins    ('$')
  $ - 250 gold pieces
 Weapons  (')')
  k - 33 +0 arrows
  F - 4 +0 crossbow bolts
  E - 6 +0 orcish arrows
  J - a blessed +0 crossbow (weapon in right hand)
  K - a +0 crossbow
  O - 12 +0 darts (at the ready)
  G - a blessed +2 dagger
  Q - a +0 dwarvish mattock
  R - a +0 dwarvish short sword
  a - a blessed +1 mace (alternate weapon; not wielded)
 Armor    ('[')
  m - a +0 helm of brilliance (being worn)
  I - a +0 pair of iron shoes (being worn)
  b - a +0 robe
  U - a +0 dwarvish mithril-coat (being worn)
 Comestibles  ('%')
  e - a clove of garlic
  N - 2 food rations
  p - 2 fortune cookies
  f - a sprig of wolfsbane
  n - 2 lichen corpses
 Scrolls  ('?')
  j - a scroll of charging
  D - a scroll of magic mapping
 Potions  ('!')
  r - a potion of extra healing
  q - a potion of healing
  V - a potion of object detection
  X - a potion of sleeping
  d - 4 potions of holy water
  M - a potion of water
 Tools    ('(')
  i - a tooled horn
  P - a tallow candle
 Gems/Stones  ('*')
  l - a cursed worthless piece of green glass named soft
  s - a worthless piece of white glass named soft
  H - a worthless piece of yellow glass

Eymerich the Priest's attributes:

Background:
 You were an Acolyte, a level 4 elven Priest.
 You were chaotic, on a mission for Anhur
 who was opposed by Ptah (lawful) and Thoth (neutral).
 You were right-handed.
 You were in the Dungeons of Doom, on level 4.
 You entered the dungeon 1873 turns ago.
 There was a new moon in effect when your adventure ended.
 You had 106 experience points, 54 more were needed to attain level 5.

Basics:
 You had 0 out of 28 hit points.
 You had all 47 energy points (spell power).
 Your armor class was 1.
 Your wallet contained 250 zorkmids.
 Autopickup was off.

Final Characteristics:
 Your strength was 16 (limit:18).
 Your dexterity was 11 (limit:18).
 Your constitution was 11 (limit:16).
 Your intelligence was 10 (limit:20).
 Your wisdom was 20 (limit:20).
 Your charisma was 8 (limit:18).

Final Status:
 You weren't hungry.
 You were burdened; movement was slightly slowed.
 You were wielding a crossbow.
 You were unskilled in crossbow.

Final Attributes:
 You were devoutly aligned.
 You were sleep resistant.
 You had infravision.
 You were guarded.
 Your spell casting was impaired by metallic armor.
 You are dead.

Miscellaneous:
 You didn't encounter any bones levels.
 Total elapsed playing time was 53 minutes and 4 seconds.

Major events:
 Turn
    1: Eymerich the chaotic elven Priest entered the dungeon
 1193: read a Discworld novel
 1228: attained the rank of Acolyte (level 3)
 1464: entered the Gnomish Mines
 1873: killed by a hill orc

Spells:
 Name                 Level Category     Fail Retention
 light                  1   clerical      75%  91%-100%
 detect food            2   divination    99%  76%-100%

Skills:
 Fighting Skills
   bare handed combat [Unskilled]
 Weapon Skills
   club               [Unskilled]
   mace               [Basic]
   morning star       [Unskilled]
   flail              [Unskilled]
   hammer             [Unskilled]
   quarterstaff       [Unskilled]
   polearms           [Unskilled]
   spear              [Unskilled]
   trident            [Unskilled]
   lance              [Unskilled]
   bow                [Unskilled]
   sling              [Unskilled]
   crossbow           [Unskilled]
   dart               [Unskilled]
   shuriken           [Unskilled]
   boomerang          [Unskilled]
   unicorn horn       [Unskilled]
 Spellcasting Skills
   healing spells     [Unskilled]
   divination spells  [Unskilled]
   clerical spells    [Basic]

Voluntary challenges:
 Character rerolling was not enabled.
 You never genocided any monsters.
 You never polymorphed an object.
 You never changed form.
 You used no wishes.
Achievements:
 You entered a shop.
 You read from a Discworld novel.
 You attained the rank of Acolyte.
 You entered the Gnomish Mines.

 The Dungeons of Doom: levels 1 to 4
    Level 1: "vault"
       A sink.
    Level 2:
    Level 3:
       A scroll shop, a fountain.
       Stairs down to The Gnomish Mines.
    Level 4: <- You were here.
       Final resting place for
          you, killed by a hill orc.
 The Gnomish Mines:
    Level 4:


Vanquished creatures:
  2 dwarves
  a hill orc
  a werejackal
 an iguana
  8 gnomes
  a gecko
  4 jackals
  3 sewer rats
  4 grid bugs
  3 lichens
  2 kobold zombies
  8 newts
38 creatures vanquished.

No species were genocided or became extinct.

Game over:
                       ----------
                      /          \
                     /    REST    \
                    /      IN      \
                   /     PEACE      \
                  /                  \
                  |     Eymerich     |
                  |      250 Au      |
                  | killed by a hill |
                  |       orc        |
                  |                  |
                  |                  |
                  |       2026       |
                 *|     *  *  *      | *
        _________)/\\_//(\/(/\)/\//\/|_)_______

Goodbye Eymerich the Priest...

You died in The Dungeons of Doom on dungeon level 4 with 809 points,
and 250 pieces of gold, after 1873 moves.
You were level 4 with a maximum of 28 hit points when you died.

